 Dungeon Crawl Stone Soup version 0.31.0-12-g77e489cdc1 (webtiles) character file.

Game seed: 1315433725752887286

37 cdecastro the Cudgeller (level 3, 0/29 HPs)
             Began as an Armataur Warper on Feb 26, 2024.
             Succumbed to an adder's poison
             ... on level 2 of the Dungeon.
             The game lasted 00:03:39 (1315 turns).

cdecastro the Cudgeller (Armataur Warper)           Turns: 1315, Time: 00:03:40

Health: 0/29       AC:  4    Str: 18    XL:     3   Next: 23%
Magic:  5/5        EV:  9    Int: 13    God:
Gold:   52         SH:  0    Dex:  9    Spells: 5/5 levels left

rFire   . . .        a - +0 mace
rCold   . . .        (no shield)
rNeg    . . .        b - +0 leather armour
rPois   .            (no helmet)
rElec   .            (no cloak)
rCorr   .            (no gloves)
SInv    .            (no barding)
Will    .....        (no amulet)
Stlth   +            (no ring)
HPRegen 0.24/turn    (no ring)
MPRegen 0.09/turn

%: roll
@: lethally poisoned (0 -> -7)
A: large, deformed body, tough skin 3, armoured tail, roll 1
a: no special abilities


You were on level 2 of the Dungeon.
You visited 1 branch of the dungeon, and saw 2 of its levels.

You collected 76 gold pieces.
You spent 24 gold pieces at shops.

Inventory:

Hand Weapons
 a - a +0 mace (weapon)
Missiles
 d - 7 darts of dispersal (quivered)
Armour
 b - a +0 leather armour (worn)
Scrolls
 c - a scroll of blinking
 e - a scroll of fog {unknown}
 f - a scroll of teleportation {unknown}
 g - a scroll of immolation {unknown}
 i - a scroll of identify
 k - 3 scrolls of vulnerability {unknown}
 l - a scroll of fear {unknown}
 m - a scroll of enchant weapon {unknown}
 n - a scroll of amnesia {unknown}
Potions
 h - a potion of brilliance {unknown}
 j - 2 potions of heal wounds {unknown}


   Skills:
 - Level 1.7 Fighting
 + Level 3.4 Maces & Flails
 - Level 0.8 Throwing
 - Level 1.2 Armour
 - Level 1.3 Dodging
 - Level 1.7 Spellcasting
 - Level 3.0 Translocations


You had 5 spell levels left.
You didn't know any spells.
Your spell library contained the following spells:

 Spells                   Type           Power      Damage    Failure   Level
 Blink                    Tloc           16%        N/A       14%         2
 Lesser Beckoning         Tloc           16%        N/A       14%         2
 Teleport Other           Tloc           8%         N/A       26%         3
 Sting                    Conj/Alch      4%         1d3       30%         1
 Mercury Vapours          Alch/Air       2%         N/A       43%         2
 Manifold Assault         Tloc           8%         N/A       65%         4
 Call Canine Familiar     Summ           1%         N/A       67%         3
 Sigil of Binding         Hex            1%         N/A       67%         3
 Dimensional Bullseye     Hex/Tloc       2%         N/A       86%         4
 Vhi's Electric Charge    Tloc/Air       10%        N/A       86%         4
 Olgreb's Toxic Radiance  Alch           1%         N/A       97%         4


Dungeon Overview and Level Annotations

Branches:
Dungeon (2/15)

Altars:

Shops:
D:1 *[(!(

Annotations:
D:2 vault need dig, Sigmund


Innate Abilities, Weirdness & Mutations

Armour fits poorly on your strangely shaped body.
You have extremely tough skin. (AC +3)
You have a long armoured tail.
You regenerate magic when rolling toward enemies. (Rampage MPRegen)


Message History

You kill the goblin!
You hit the goblin.
You kill the goblin!
You sock the hobgoblin!
You kill the hobgoblin!
Items here: )) †††.
An adder comes into view.
An adder is nearby!
The adder hisses angrily.
The adder bites you.
You are poisoned.
The adder poisons you!
You barely miss the adder.
Your tail-slap misses the adder.
You feel sick. The adder bites you.
You are more poisoned.
The adder poisons you! The adder barely misses you.
You barely miss the adder.
You feel sick. The adder closely misses you.
You miss the adder.
Your tail-slap misses the adder.
You feel sick. The adder closely misses you. x2
You hit the adder but do no damage.
You feel sick. The adder bites you.
You barely miss the adder.
You feel sick. The adder barely misses you. x2
You barely miss the adder.
You feel sick. The adder bites you.
* * * LOW HITPOINT WARNING * * *
You are more poisoned.
The adder poisons you! The adder completely misses you.
You barely miss the adder.
You feel sick. The adder bites you.
* * * LOW HITPOINT WARNING * * *
You closely miss the adder.
* * * LOW HITPOINT WARNING * * *
You feel sick. The adder bites you but does no damage. The adder bites you.
* * * LOW HITPOINT WARNING * * *
You barely miss the adder.
* * * LOW HITPOINT WARNING * * *
You feel sick. The adder bites you.
* * * LOW HITPOINT WARNING * * *
You are more poisoned.
The adder poisons you! The adder bites you but does no damage.
You hit the adder.
Your tail-slap misses the adder.
The adder is moderately wounded.
You die...

#..........##
#............##
#.............#
####.........#.#.#
...>)............##
###..........#.#..#
#...............#
#...........###.#
#....)......)S@.#
#..........######
#..........#
#.#'####.###.#
#.).....#)#.#
##......###.#
#...........#
#..............
................


You could see an adder.

Vanquished Creatures
  A ribbon worm (D:2)
  A bat (D:1)
  7 endoplasms
  A giant cockroach (D:1)
  4 goblins
  3 hobgoblins
  4 jackals (D:1)
  2 quokkas (D:1)
  2 ball pythons (D:1)
  3 rats
28 creatures vanquished.

Notes
Turn   | Place    | Note
-------+----------+-------------------------------------------
     0 | D:1      | cdecastro the Armataur Warper began the quest for the Orb.
     0 | D:1      | Reached XP level 1. HP: 17/17 MP: 3/3
    47 | D:1      | Found Xyelle's Weapon Boutique.
   122 | D:1      | Reached XP level 2. HP: 12/24 MP: 4/4
   267 | D:1      | Found Ramuviv's Distillery.
   540 | D:1      | Found Muowodeyji's General Store.
   543 | D:1      | Bought a scroll of identify for 24 gold pieces
   723 | D:1      | Found Kirrej's Weapon Shop.
   750 | D:1      | Found Vuqi's Antique Armour Emporium.
  1082 | D:2      | Noticed Sigmund
  1148 | D:2      | Reached XP level 3. HP: 19/29 MP: 5/5
  1210 | D:2      | Identified the +1 mace "Kashridoq" {spect, Int+3}
  1261 | D:2      | Identified the +4 spear "Voebloerch" {pain, Int-2 Dex+2
                  | SInv}
  1315 | D:2      | Succumbed to an adder's poison

Illustrated notes

Levels and vault maps discovered:
D:1:      heliophobic_arrival_glass_houses, layout_loops_corners, serial_shops,
          nicolae_shop_back_alley_shop, shop, nicolae_square_shop,
          nicolae_shop_scrapyard, nicolae_shop_real_fake_doors
D:2:      layout_basic, nicolae_ecumenical_snake_handling, serial_glass,
          glass_columns_a, glass_columns_a, glass_columns_a, glass_columns_a,
          glass_columns_c, glass_columns_b, glass_columns_a, glass_columns_a,
          minmay_strange_pillars, item_on_display_b, item_on_display_a,
          minmay_strange_pillars, minmay_pentomino_u4, uniq_robin, uniq_terence,
          uniq_sigmund

Skill      XL: |  1  2 |
---------------+-------+-----
Maces & Flails | 2 3 |  3.4
Fighting       | |  1.7
Throwing       | |  0.8
Armour         | |  1.2
Dodging        | |  1.3
Spellcasting   | |  1.7
Translocations | |  3.0

Action                     || total
---------------------------++-------
  Melee: Mace              ||    92
         Tailslap          ||     9
         Punch             ||     1
   Stab: Sleeping          ||     1
 Armour: Leather armour    ||    64
  Dodge: Dodged            ||    42
